 Dungeon Crawl Stone Soup version 0.29-a0-559-g359e09b9d1 (webtiles) character file.

Game seed: 11639166694552189930

305 RancidPinata the Skirmisher (level 6, -5/43 HPs)
             Began as an Octopode Cinder Acolyte on June 10, 2022.
             Was a High Priest of Ignis.
             Slain by an ice beast (13 damage)
             ... on level 4 of the Dungeon.
             The game lasted 00:18:18 (5027 turns).

RancidPinata the Skirmisher (OpCA)                  Turns: 5027, Time: 00:18:19

Health: -5/43      AC:  8    Str: 13    XL:     6   Next: 39%
Magic:  7/8        EV: 11    Int: 17    God:    Ignis [*****.]
Gold:   139        SH:  6    Dex:  9    Spells: 6/8 levels left

rFire   + . .      SeeInvis .   i - +2 dagger (elec)
rCold   . . .      Faith    .   j - +0 kite shield
rNeg    . . .      Spirit   .   (helmet restricted)
rPois   .          Reflect  .   (no amulet)
rElec   .          Harm     .   (no ring)
rCorr   .          Rampage  .   (no ring)
Will    .....                   (no ring)
Stlth   +++.......              (no ring)
HPRegen 0.14/turn               (no ring)
MPRegen 0.11/turn               (no ring)
                                (no ring)
                                (no ring)

@: fiery-armoured
A: almost no armour, amphibious, 8 rings, camouflage 1, gelatinous body 1,
(nimble swimmer 1), tentacles
a: Renounce Religion, Fiery Armour, Foxfire Swarm, Rising Flame


You were on level 4 of the Dungeon.
You worshipped Ignis.
Ignis was extremely pleased with you.
You visited 1 branch of the dungeon, and saw 4 of its levels.

You collected 139 gold pieces.

Inventory:

Hand Weapons
 a - a -1 spear of flaming
 i - a +2 dagger of electrocution (weapon)
Missiles
 b - 66 stones (quivered)
 k - 6 javelins
 l - 3 poisoned darts
Armour
 j - a +0 kite shield (worn)
Scrolls
 c - 7 scrolls of identify {unknown}
 e - 2 scrolls of teleportation {unknown}
 f - a scroll of blinking {unknown}
 m - a scroll of vulnerability {unknown}
 q - a scroll of amnesia {unknown}
 u - a scroll of fear {unknown}
Potions
 d - a potion of ambrosia {unknown}
 g - 2 potions of curing
 h - 3 potions of might {unknown}
 n - 2 potions of degeneration {unknown}
 o - 2 potions of mutation {unknown}
 p - 3 potions of magic {unknown}
 r - a potion of brilliance {unknown}
 s - a potion of cancellation {unknown}
 t - a potion of berserk rage {unknown}


   Skills:
 * Level 4.0 Fighting
 * Level 1.9 Short Blades
 - Level 3.2 Polearms
 + Level 1.3 Throwing
 * Level 2.1 Dodging
 * Level 3.4 Stealth
 + Level 1.2 Shields
 + Level 1.8 Spellcasting
 + Level 3.5 Fire Magic


You had 6 spell levels left.
You knew the following spells:

 Your Spells              Type           Power      Damage    Failure   Level
a - Scorch                Fire           26%        2d6       24%         2

Your spell library contained the following spells:

 Spells                   Type           Power      Damage    Failure   Level
 Gell's Gravitas          Tloc           1%         N/A       90%         3
 Lesser Beckoning         Tloc           1%         N/A       90%         3
 Teleport Other           Tloc           1%         N/A       90%         3
 Flame Wave               Conj/Fire      7%         2d5       97%         4
 Summon Cactus Giant      Summ           0%         N/A       100%        6


Dungeon Overview and Level Annotations

Branches:
Dungeon (4/15)
 Temple: D:4-7

Altars:
Cheibriados


Innate Abilities, Weirdness & Mutations

You cannot wear most types of armour.
You are amphibious.
You can wear up to eight rings at the same time.
Your skin changes colour to match your surroundings (Stealth+).
Your rubbery body absorbs attacks. (AC +1, EV +1)
((You are camouflaged when in or above water. (Stealth+)))
You have tentacles for arms and can constrict up to eight enemies at once.


Message History

b - 66 stones (gained 10)
Casting: Scorch (dangerous; 24% risk of failure)
Confirm with . or Enter, or press ? or * to list all spells.
Flames lash the ice beast.
The ice beast melts!
The ice beast is lightly wounded.
The ice beast's fire resistance burns away.
You closely miss the ice beast. Your squeeze misses the ice beast.
The ice beast is lightly wounded.
The ice beast barely misses you. The ice beast hits you.
The ice beast freezes you! The ice beast attacks as you move away!
The ice beast closely misses you.
You barely miss the ice beast. Your squeeze misses the ice beast.
The ice beast is lightly wounded.
The ice beast is no longer more vulnerable to fire.
The ice beast hits you. The ice beast freezes you!
* * * LOW HITPOINT WARNING * * *
You feel better. The ice beast hits you. The ice beast freezes you!
* * * LOW HITPOINT WARNING * * *
Okay, then.
A protective cloak of flame settles atop you.
The ice beast hits you but does no damage.
The ice beast melts!
The ice beast is burned by your cloak of flames.
The ice beast is moderately wounded.
The ice beast attacks as you move away! The ice beast misses you.
You hit the ice beast but do no damage. You squeeze the ice beast.
The ice beast is moderately wounded.
The ice beast hits you but does no damage.
The ice beast melts!
The ice beast is burned by your cloak of flames.
The ice beast is moderately wounded.
The ice beast attacks as you move away!
The ice beast hits you but does no damage.
The ice beast melts!
The ice beast is burned by your cloak of flames.
The ice beast is severely wounded.
The ice beast attacks as you move away! The ice beast hits you.
* * * LOW HITPOINT WARNING * * *
The ice beast freezes you!
You die...

#########....
##♣.♣.♣.♣.♣.♣..
#.............. ######
#.♣.♣.♣.♣.♣.♣..
#######....###..............
#...........................
.#..⌠..#..#########...#....
#.....##Y.## ♣♣♣♣..#..
#..#.#..##@.# ##♣♣..♣♣....
#.. #.##..##.# #.....P♣♣...
.. . #.....###.♣P...♣.♣.. ..
..⌠...#...♣..P♣.P♣♣. ##
.......#..♣....♣♣♣.
##.......♣P..)....
##....#..#♣♣♣♣.♣♣♣.
##..#....##.♣♣♣P♣ #.
Y.#.............### #.


You could see an ice beast.

Vanquished Creatures
  A scorpion (D:4)
  A hound (D:4)
  An iron imp (D:3)
  2 orc wizards
  3 adders
  3 gnolls (D:3)
  2 worms (D:4)
  3 dart slugs
  6 orcs
  2 ball pythons
  4 bats
  6 endoplasms
  2 giant cockroaches
  5 goblins
  7 hobgoblins
  6 jackals (D:2)
  8 kobolds
  2 frilled lizards
  8 rats
72 creatures vanquished.

Vanquished Creatures (others)
  A plant (D:4)
1 creature vanquished.

Grand Total: 73 creatures vanquished

Notes
Turn   | Place    | Note
-------+----------+-------------------------------------------
     0 | D:1      | RancidPinata the Octopode Cinder Acolyte began the quest
                  | for the Orb.
     0 | D:1      | Reached XP level 1. HP: 16/16 MP: 2/2
   266 | D:2      | Reached XP level 2. HP: 16/21 MP: 3/3
   268 | D:2      | Reached skill level 1 in Stealth
   617 | D:2      | Reached XP level 3. HP: 26/26 MP: 4/4
   741 | D:2      | Learned a level 2 spell: Scorch
  1398 | D:1      | Found a faded altar of an unknown god.
  1434 | D:1      | Reached skill level 1 in Dodging
  2248 | D:2      | Reached XP level 4. HP: 31/31 MP: 6/6
  2871 | D:2      | Reached skill level 1 in Short Blades
  3100 | D:3      | Reached XP level 5. HP: 23/37 MP: 7/7
  3295 | D:3      | Found a snail-covered altar of Cheibriados.
  3303 | D:3      | Reached skill level 1 in Throwing
  4015 | D:4      | Noticed an ice beast
  4220 | D:4      | Reached skill level 1 in Shields
  4220 | D:4      | Reached XP level 6. HP: 27/43 MP: 8/8
  4913 | D:4      | Reached skill level 4 in Fighting
  5027 | D:4      | Slain by an ice beast

Illustrated notes

Levels and vault maps discovered:
D:1:      dpeg_arrival_stone_temple_mockup, layout_loops_ring,
          basic_ecumenical_altar, minmay_misc_feat_rows,
          amcnicky_mini_pool_small
D:2:      layout_loops_ring, minivault_14
D:3:      layout_basic, chei_slow_surprise
D:4:      layout_rooms, minmay_temple_entry_waves, serial_forest,
          infiniplex_forest_end_1, infiniplex_forest_lined_3,
          infiniplex_forest_straight_4, infiniplex_forest_clump_medium,
          infiniplex_forest_pool, infiniplex_forest_clump_tiny,
          infiniplex_forest_lined_ring, infiniplex_forest_end_double,
          infiniplex_forest_straight_2, infiniplex_forest_zigzag_1

Skill      XL: |  1  2  3  4  5  6 |
---------------+-------------------+-----
Stealth        | 1 2 3 |  3.4
Dodging        | 1 2 |  2.1
Short Blades   | 1 |  1.9
Throwing       | 1 |  1.3
Shields        | 1 |  1.2
Fighting       | 4 |  4.0
Polearms       | |  3.2
Spellcasting   | |  1.8
Fire Magic     | |  3.5

Action                   |  1- 3 |  4- 6 || total
-------------------------+-------+-------++-------
Melee: Spear             |    40 |       ||    40
       Constrict         |    19 |    18 ||    37
       Tentacles         |    12 |    14 ||    26
       Dagger            |    48 |    83 ||   131
       Punch             |       |     1 ||     1
 Cast: Scorch            |       |     6 ||     6
Invok: Fiery Armour      |       |     1 ||     1
  Use: Potion            |       |     2 ||     2
 Stab: Sleeping          |     8 |     5 ||    13
Armor: Skin              |     9 |    15 ||    24
Dodge: Dodged            |    51 |    44 ||    95
Block: Kite shield       |    11 |    24 ||    35

Table legend: (Time is in decaauts)
 A = Elapsed time spent in this place.
 B = Non-inter-level travel time spent in this place.
 C = Inter-level travel time spent in this place.
 D = Time resting spent in this place.
 E = Time spent auto-exploring this place.
 F = Levels seen in this place.
 G = Mean time per level.
                   A        B        C        D        E       F      G
               +--------+--------+--------+--------+--------+-----+--------+
         Total |   5056 |   5038 |     18 |   2168 |   1685 |   4 | 1264.0 |
       Dungeon |   5056 |   5038 |     18 |   2168 |   1685 |   4 | 1264.0 |
               +--------+--------+--------+--------+--------+-----+--------+

Top non-repeatable levels by time:
     D:3: 1872 daAuts
     D:2: 1747 daAuts
     D:1: 849 daAuts
     D:4: 586 daAuts
